CALL
RANCHO CUCAMONGA QUAKES @ BAKERSFIELD BLAZE
05/04/2004
 
TOP OF THE 1ST
Rancho Cucamonga Quakes batting - Pitching for Bakersfield Blaze : LHP Rafael Perez
Pitching: LHP Rafael Perez
Batting: RHB Adam Godwin 0-0: Fly out, F9 (Flyball, 9, EV 78.1 MPH)
Batting: RHB Adam Leavitt 0-0: Called Strike
0-1: Ball
1-1: Called Strike
1-2: Strikes out swinging
Batting: RHB Andrew McCutchen 0-0: Ball
1-0: Ground out U3 (Groundball, 3S, EV 61.3 MPH)
Top of the 1st over - 0 runs, 0 hits, 0 errors, 0 left on base; Rancho Cucamonga 0 - Bakersfield 0
BOTTOM OF THE 1ST
Bakersfield Blaze batting - Pitching for Rancho Cucamonga Quakes : LHP Gio Gonzalez
Pitching: LHP Gio Gonzalez
Batting: RHB J.T. Stotts 0-0: Ball
1-0: Ground out 6-3 (Groundball, 6, EV 106.3 MPH)
Batting: RHB Jesus Merchan 0-0: Called Strike
0-1: Foul Ball, location: 2F
0-2: Ball
1-2: Ground out U3 (Groundball, 34, EV 86.3 MPH)
Batting: LHB Drew Anderson 0-0: Called Strike
0-1: Foul Ball, location: 7LSF
0-2: Ball
1-2: Foul Ball, location: 25F
1-2: Ball
2-2: Ball
3-2: Foul Ball, location: 7LDF
3-2: Base on Balls
Batting: RHB Amaury Pena 0-0: Fly out, F7 (Flyball, 78S, EV 83.8 MPH)
Bottom of the 1st over - 0 runs, 0 hits, 0 errors, 1 left on base; Rancho Cucamonga 0 - Bakersfield 0
TOP OF THE 2ND
Rancho Cucamonga Quakes batting - Pitching for Bakersfield Blaze : LHP Rafael Perez
Batting: RHB Sean Rodriguez 0-0: Ball
1-0: Ball
2-0: Ball
3-0: Called Strike
3-1: Called Strike
3-2: Strikes out swinging
Batting: RHB Matt Whitney 0-0: Ball
1-0: Ball
2-0: Foul Ball, location: 2F
2-1: SINGLE (Line Drive, 34D, EV 98.8 MPH)
Batting: RHB Jacob Butler 0-0: Ball
1-0: Foul Ball, location: 5DF
1-1: Ball
2-1: Ball
3-1: Base on Balls
Matt Whitney to second
Batting: SHB Barry Gunther 0-0: Called Strike
0-1: SINGLE (Line Drive, 89M, EV 88.8 MPH)
Matt Whitney to third
Jacob Butler to second
Batting: RHB Tony Granadillo 0-0: Called Strike
0-1: Ball
1-1: Called Strike
1-2: Ball
2-2: Grounds into double play, 6-4-3 (Groundball, 6, EV 109.4 MPH)
Top of the 2nd over - 0 runs, 2 hits, 0 errors, 2 left on base; Rancho Cucamonga 0 - Bakersfield 0
BOTTOM OF THE 2ND
Bakersfield Blaze batting - Pitching for Rancho Cucamonga Quakes : LHP Gio Gonzalez
Batting: RHB Mike Floyd 0-0: Called Strike
0-1: Ball
1-1: Swinging Strike
1-2: Ball
2-2: Ball
3-2: Foul Ball, location: 9LMFF
3-2: SINGLE (Groundball, 56D, EV 95.6 MPH)
Batting: LHB Buck Coats 0-0: Bunted foul
0-1: Bunt - Flyout to 13S - DP at third! 1-3
Batting: RHB Matt Williams 0-0: Swinging Strike
0-1: Called Strike
0-2: Foul Ball, location: 2F
0-2: Fly out, F8 (Flyball, 78M, EV 89.4 MPH)
Bottom of the 2nd over - 0 runs, 1 hit, 0 errors, 0 left on base; Rancho Cucamonga 0 - Bakersfield 0
TOP OF THE 3RD
Rancho Cucamonga Quakes batting - Pitching for Bakersfield Blaze : LHP Rafael Perez
Batting: RHB Diory Hernandez 0-0: SINGLE (Groundball, 15, EV 65.0 MPH) (infield hit)
Batting: RHB Adam Godwin 0-0: Bunted foul
0-1: Ball
1-1: Called Strike
1-2: Ball
2-2: Ball
3-2: Foul Ball, location: 3FF
3-2: Base on Balls
Diory Hernandez to second
Batting: RHB Adam Leavitt 0-0: Called Strike
0-1: Fielders Choice at 2nd, 6-4 (Groundball, 6, EV 86.9 MPH)
Diory Hernandez to third
Batting: RHB Andrew McCutchen 0-0: Called Strike
0-1: Ball
1-1: Swinging Strike
1-2: 3-RUN HOME RUN (Line Drive, 78XD, EV 97.5 MPH), Distance : 401 ft
Batting: RHB Sean Rodriguez 0-0: Called Strike
0-1: Ball
1-1: Fly out, F4 (Popup, 3S, EV 74.4 MPH)
Batting: RHB Matt Whitney 0-0: SOLO HOME RUN (Flyball, 8LXD, EV 105.0 MPH), Distance : 408 ft
Batting: RHB Jacob Butler 0-0: Ball
1-0: Fly out, F7 (Flyball, 7S, EV 88.1 MPH)
Top of the 3rd over - 4 runs, 3 hits, 0 errors, 0 left on base; Rancho Cucamonga 4 - Bakersfield 0
BOTTOM OF THE 3RD
Bakersfield Blaze batting - Pitching for Rancho Cucamonga Quakes : LHP Gio Gonzalez
Batting: RHB Jose Umbria 0-0: Ball
1-0: Ground out 6-3 (Groundball, 6, EV 91.3 MPH)
Batting: LHB Nick Ewen 0-0: Ball
1-0: Ball
2-0: SINGLE (Line Drive, 8LS, EV 103.8 MPH)
Batting: RHB J.T. Stotts 0-0: Ball
1-0: Called Strike
1-1: Called Strike
1-2: Fly out, F7 (Flyball, 7, EV 95.0 MPH)
Batting: RHB Jesus Merchan 0-0: Foul Ball, location: 3SF
0-1: Ground out 5-3 (Groundball, 56S, EV 88.8 MPH)
Bottom of the 3rd over - 0 runs, 1 hit, 0 errors, 1 left on base; Rancho Cucamonga 4 - Bakersfield 0
TOP OF THE 4TH
Rancho Cucamonga Quakes batting - Pitching for Bakersfield Blaze : LHP Rafael Perez
Batting: SHB Barry Gunther 0-0: Ball
1-0: Ball
2-0: Ball
3-0: Called Strike
3-1: Called Strike
3-2: Strikes out swinging
Batting: RHB Tony Granadillo 0-0: Ball
1-0: Ball
2-0: Fly out, F9 (Flyball, 9, EV 92.5 MPH)
Batting: RHB Diory Hernandez 0-0: Ball
1-0: Called Strike
1-1: Foul Ball, location: 25FF
1-2: SINGLE (Flyball, 78S, EV 96.9 MPH)
Batting: RHB Adam Godwin 0-0: Called Strike
0-1: Ball
1-1: Ball
2-1: Foul Ball, location: 3F
2-2: SINGLE (Groundball, 4M, EV 104.4 MPH) (infield hit)
Diory Hernandez to second
Batting: RHB Adam Leavitt 0-0: Ball
1-0: Ball
2-0: Foul Ball, location: 9LSF
2-1: Foul Ball, location: 9LSF
2-2: Foul Ball, location: 2F
2-2: Fly out, F7 (Flyball, 7D, EV 102.5 MPH)
Top of the 4th over - 0 runs, 2 hits, 0 errors, 2 left on base; Rancho Cucamonga 4 - Bakersfield 0
BOTTOM OF THE 4TH
Bakersfield Blaze batting - Pitching for Rancho Cucamonga Quakes : LHP Gio Gonzalez
Batting: LHB Drew Anderson 0-0: Ball
1-0: Ball
2-0: DOUBLE (Flyball, 8LXD, EV 98.1 MPH)
Batting: RHB Amaury Pena 0-0: Ball
1-0: Foul Ball, location: 2F
1-1: Called Strike
1-2: Foul Ball, location: 2F
1-2: Foul Ball, location: 23F
1-2: Foul Ball, location: 7LSF
1-2: Foul Ball, location: 25FF
1-2: Strikes out swinging
Batting: RHB Mike Floyd 0-0: Foul Ball, location: 2F
0-1: Ground out 5-3 (Groundball, 56, EV 84.4 MPH)
Batting: LHB Buck Coats 0-0: Fly out, F6 (Popup, 6, EV 71.9 MPH)
Bottom of the 4th over - 0 runs, 1 hit, 0 errors, 1 left on base; Rancho Cucamonga 4 - Bakersfield 0
TOP OF THE 5TH
Rancho Cucamonga Quakes batting - Pitching for Bakersfield Blaze : LHP Rafael Perez
Batting: RHB Andrew McCutchen 0-0: Ball
1-0: Fly out, F7 (Flyball, 7D, EV 75.6 MPH)
Batting: RHB Sean Rodriguez 0-0: Called Strike
0-1: Foul Ball, location: 2F
0-2: Strikes out swinging
Batting: RHB Matt Whitney 0-0: Ball
1-0: Ball
2-0: Called Strike
2-1: Fly out, F9 (Flyball, 9S, EV 98.1 MPH)
Top of the 5th over - 0 runs, 0 hits, 0 errors, 0 left on base; Rancho Cucamonga 4 - Bakersfield 0
BOTTOM OF THE 5TH
Bakersfield Blaze batting - Pitching for Rancho Cucamonga Quakes : LHP Gio Gonzalez
Batting: RHB Matt Williams 0-0: Ball
1-0: Foul Ball, location: 5F
1-1: Ball
2-1: SINGLE (Flyball, 9, EV 84.4 MPH)
Batting: RHB Jose Umbria 0-0: Called Strike
0-1: Ball
1-1: Foul Ball, location: 5DF
1-2: Foul Ball, location: 9LDF
1-2: Fly out, F2 (Popup, 2LF, EV 86.3 MPH)
Batting: LHB Nick Ewen 0-0: Foul Ball, location: 2F
0-1: Foul Ball, location: 2F
0-2: Foul Ball, location: 2RF
0-2: SINGLE (Line Drive, 78S, EV 90.0 MPH)
Matt Williams to second
Batting: RHB J.T. Stotts 0-0: Grounds into double play, 4-6-3 (Groundball, 4, EV 86.9 MPH)
Bottom of the 5th over - 0 runs, 2 hits, 0 errors, 1 left on base; Rancho Cucamonga 4 - Bakersfield 0
TOP OF THE 6TH
Rancho Cucamonga Quakes batting - Pitching for Bakersfield Blaze : LHP Rafael Perez
Batting: RHB Jacob Butler 0-0: Called Strike
0-1: Hit by Pitch
Batting: SHB Barry Gunther 0-0: Ball
1-0: Ball
2-0: Fly out, F8 (Line Drive, 8LM, EV 99.4 MPH)
Batting: RHB Tony Granadillo 0-0: Swinging Strike
0-1: 2-RUN HOME RUN (Flyball, 9D, EV 100.6 MPH), Distance : 378 ft
Pitching: RHP Greg Atencio
Batting: RHB Diory Hernandez 0-0: Ball
1-0: Swinging Strike
1-1: Ball
2-1: Ball
3-1: Foul Ball, location: 3DF
3-2: Strikes out swinging
Batting: RHB Adam Godwin 0-0: Ball
1-0: Called Strike
1-1: SINGLE (Line Drive, 4MD, EV 97.5 MPH)
Batting: RHB Adam Leavitt 0-0: Called Strike
0-1: Ball
1-1: Ball
2-1: 2-RUN HOME RUN (Flyball, 8RXD, EV 102.5 MPH), Distance : 419 ft
Batting: RHB Andrew McCutchen 0-0: Ball
1-0: Ball
2-0: Called Strike
2-1: DOUBLE (Flyball, 89D, EV 103.8 MPH)
Batting: RHB Sean Rodriguez 0-0: Called Strike
0-1: Ball
1-1: Ball
2-1: Ground out 6-3 (Groundball, 6, EV 101.9 MPH)
Top of the 6th over - 4 runs, 4 hits, 0 errors, 1 left on base; Rancho Cucamonga 8 - Bakersfield 0
BOTTOM OF THE 6TH
Bakersfield Blaze batting - Pitching for Rancho Cucamonga Quakes : LHP Gio Gonzalez
Batting: RHB Jesus Merchan 0-0: Ball
1-0: Ball
2-0: SINGLE (Line Drive, 8RS, EV 105.0 MPH)
Batting: LHB Drew Anderson 0-0: Called Strike
0-1: Fly out, F9 (Flyball, 9, EV 81.9 MPH)
Batting: RHB Amaury Pena 0-0: Ball
1-0: Called Strike
1-1: Swinging Strike
1-2: Ball
2-2: Strikes out swinging
Batting: RHB Mike Floyd 0-0: Ball
1-0: Ball
2-0: Swinging Strike
2-1: Foul Ball, location: 9LSF
2-2: SINGLE (Groundball, 56D, EV 104.4 MPH)
Jesus Merchan to second
Pitching: RHP Jacob Blakeney
Batting: LHB Buck Coats 0-0: Ball
1-0: SINGLE (Groundball, 4MD, EV 106.9 MPH)
Jesus Merchan to third
Mike Floyd to second
Batting: RHB Matt Williams 0-0: Foul Ball, location: 7LDF
0-1: Ball
1-1: DOUBLE (Line Drive, 89D, EV 108.8 MPH)
Jesus Merchan scores
Mike Floyd scores
Buck Coats to third
Batting: RHB Jose Umbria 0-0: Swinging Strike
0-1: Fly out, F7 (Flyball, 78M, EV 95.0 MPH)
Bottom of the 6th over - 2 runs, 4 hits, 0 errors, 2 left on base; Rancho Cucamonga 8 - Bakersfield 2
TOP OF THE 7TH
Rancho Cucamonga Quakes batting - Pitching for Bakersfield Blaze : RHP Greg Atencio
Batting: RHB Matt Whitney 0-0: Called Strike
0-1: SOLO HOME RUN (Flyball, 7D, EV 97.5 MPH), Distance : 373 ft
Pinch Hitting: LHB Daniel Dennison 0-0: Foul Ball, location: 2F
0-1: Foul Ball, location: 9LDF
0-2: Ball
1-2: Foul Ball, location: 5F
1-2: Ball
2-2: Strikes out looking
Batting: SHB Barry Gunther 0-0: Swinging Strike
0-1: Ball
1-1: Swinging Strike
1-2: Ground out 5-3 (Groundball, 5, EV 104.4 MPH)
Batting: RHB Tony Granadillo 0-0: Ball
1-0: Ball
2-0: Called Strike
2-1: Foul Ball, location: 2F
2-2: SINGLE (Groundball, 15, EV 66.3 MPH) (infield hit)
Batting: RHB Diory Hernandez 0-0: Called Strike
0-1: Ground out 3-1 (Groundball, 34, EV 86.9 MPH)
Top of the 7th over - 1 run, 2 hits, 0 errors, 1 left on base; Rancho Cucamonga 9 - Bakersfield 2
BOTTOM OF THE 7TH
Bakersfield Blaze batting - Pitching for Rancho Cucamonga Quakes : RHP Jacob Blakeney
Now in RF: Daniel Dennison
Batting: LHB Nick Ewen 0-0: Ball
1-0: Called Strike
1-1: Ground out 5-3 (Groundball, 56, EV 101.3 MPH)
Batting: RHB J.T. Stotts 0-0: Ball
1-0: Ball
2-0: Ball
3-0: Base on Balls
Batting: RHB Jesus Merchan 0-0: Ball
1-0: Ball
2-0: Ball
3-0: Base on Balls
J.T. Stotts to second
Batting: LHB Drew Anderson 0-0: Called Strike
0-1: Foul Ball, location: 9LSF
0-2: Ball
1-2: Fielders Choice at 2nd, 4-6 (Groundball, 4, EV 90.6 MPH)
J.T. Stotts to third
Batting: RHB Amaury Pena 0-0: Ball
1-0: Ball
2-0: Foul Ball, location: 9LSF
2-1: Ground out 4-3 (Groundball, 4S, EV 66.3 MPH)
Bottom of the 7th over - 0 runs, 0 hits, 0 errors, 2 left on base; Rancho Cucamonga 9 - Bakersfield 2
TOP OF THE 8TH
Rancho Cucamonga Quakes batting - Pitching for Bakersfield Blaze : RHP Greg Atencio
Pitching: LHP Antwoine Anderson
Batting: RHB Adam Godwin 0-0: Ball
1-0: Fly out, F2 (Popup, 13S, EV 93.8 MPH)
Batting: RHB Adam Leavitt 0-0: Called Strike
0-1: Called Strike
0-2: Ball
1-2: Ball
2-2: Ball
3-2: Base on Balls
Batting: RHB Andrew McCutchen 0-0: Swinging Strike
0-1: Foul Ball, location: 5F
0-2: Ball
1-2: Ball
2-2: Ball
3-2: Fly out, F6 (Popup, 56D, EV 68.1 MPH)
Batting: RHB Sean Rodriguez 0-0: Foul Ball, location: 2F
0-1: Ball
1-1: Swinging Strike
1-2: Ball
2-2: Ball
3-2: Strikes out swinging
Top of the 8th over - 0 runs, 0 hits, 0 errors, 1 left on base; Rancho Cucamonga 9 - Bakersfield 2
BOTTOM OF THE 8TH
Bakersfield Blaze batting - Pitching for Rancho Cucamonga Quakes : RHP Jacob Blakeney
Pitching: LHP Joe Diefenderfer
Batting: RHB Mike Floyd 0-0: Called Strike
0-1: Foul Ball, location: 3F
0-2: Ball
1-2: Ball
2-2: Ball
3-2: Base on Balls
Batting: LHB Buck Coats 0-0: Called Strike
0-1: Ball
1-1: DOUBLE (Line Drive, 5D, EV 108.1 MPH)
Mike Floyd to third
Batting: RHB Matt Williams 0-0: Ball
1-0: Foul Ball, location: 2F
1-1: Swinging Strike
1-2: Ball
2-2: Ball
3-2: Foul Ball, location: 9LDF
3-2: Foul Ball, location: 2F
3-2: Base on Balls
Batting: RHB Jose Umbria 0-0: Ball
1-0: Ball
2-0: Ball
3-0: Called Strike
3-1: Grounds into fielders choice 6-2 (Groundball, 6, EV 102.5 MPH)
Buck Coats to third
Matt Williams to second
Batting: LHB Nick Ewen 0-0: Swinging Strike
0-1: Called Strike
0-2: Ball
1-2: Ball
2-2: Ball
3-2: Fly out, F7 (Line Drive, 7, EV 100.6 MPH)
Batting: RHB J.T. Stotts 0-0: Called Strike
0-1: Called Strike
0-2: Ball
1-2: Ball
2-2: Strikes out looking
Bottom of the 8th over - 0 runs, 1 hit, 0 errors, 3 left on base; Rancho Cucamonga 9 - Bakersfield 2
TOP OF THE 9TH
Rancho Cucamonga Quakes batting - Pitching for Bakersfield Blaze : LHP Antwoine Anderson
Batting: RHB Matt Whitney 0-0: Ball
1-0: Called Strike
1-1: Ball
2-1: Called Strike
2-2: Ball
3-2: Foul Ball, location: 2F
3-2: Foul Ball, location: 9LSF
3-2: Foul Ball, location: 3DF
3-2: Ground out 6-3 (Groundball, 6, EV 83.1 MPH)
Batting: LHB Daniel Dennison 0-0: Swinging Strike
0-1: Fly out, F9 (Line Drive, 9S, EV 88.1 MPH)
Batting: SHB Barry Gunther 0-0: Ball
1-0: Called Strike
1-1: Foul Ball, location: 5SF
1-2: Ball
2-2: Ball
3-2: Foul Ball, location: 9LSF
3-2: Strikes out swinging, 2-3 out at first.
Top of the 9th over - 0 runs, 0 hits, 0 errors, 0 left on base; Rancho Cucamonga 9 - Bakersfield 2
BOTTOM OF THE 9TH
Bakersfield Blaze batting - Pitching for Rancho Cucamonga Quakes : LHP Joe Diefenderfer
Batting: RHB Jesus Merchan 0-0: Fly out, F8 (Flyball, 8RD, EV 98.1 MPH)
Batting: LHB Drew Anderson 0-0: Called Strike
0-1: Ball
1-1: Foul Ball, location: 9LSF
1-2: Ball
2-2: Foul Ball, location: 3FF
2-2: Ball
3-2: Fly out, F4 (Popup, 4M, EV 73.8 MPH)
Batting: RHB Amaury Pena 0-0: Ball
1-0: Foul Ball, location: 7LDF
1-1: Foul Ball, location: 2F
1-2: Ball
2-2: Ground out 6-3 (Groundball, 6S, EV 67.5 MPH)
Bottom of the 9th over - 0 runs, 0 hits, 0 errors, 0 left on base; Rancho Cucamonga 9 - Bakersfield 2
Friday, November 8th , 2024 - OOTP Baseball 25.10 Build 95